 Dungeon Crawl Stone Soup version 0.20.1-1-g8b1a95d (webtiles) character file.

4766 torrenera the Carver (level 10, -6/79 HPs)
             Began as a Demonspawn Fighter on Aug 28, 2017.
             Mangled by a two-headed ogre
             ... wielding a +0 giant spiked club
              (24 damage)
             ... on level 8 of the Dungeon.
             The game lasted 00:25:00 (9817 turns).

torrenera the Carver (Demonspawn Fighter)           Turns: 9817, Time: 00:25:01

Health: -6/79      AC: 14    Str: 19    XL:     10   Next: 23%
Magic:  0/10       EV:  5    Int: 13    God:
Gold:   415        SH:  0    Dex: 16    Spells: 9/9 levels left

rFire    . . .     SeeInvis +   x - +3 great sword of Wuwnoetia {chaos, rN+ Int+4 Dex+2 SInv}
rCold    . . .     Gourm    .   (shield currently unavailable)
rNeg     + . .     Faith    .   l - +0 plate armour
rPois    .         Spirit   +   (helmet restricted)
rElec    .         Reflect  .   (no cloak)
rCorr    .         Harm     .   (no gloves)
MR       .....     Rnd*Tele +   (no boots)
Stlth    ..........             J - amulet of magic regeneration
Regen    0.3/turn               j - ring of teleportation
MPRegen  0.3/turn               (no ring)

@: no status effects
A: antennae 1, molten scales 2, powered by pain 1, magic shield, magic
regeneration
a: no special abilities


You were on level 8 of the Dungeon.
You were not hungry.

You visited 1 branch of the dungeon, and saw 8 of its levels.
You also visited: Sewer.

You collected 415 gold pieces.

Inventory:

Hand Weapons
 a - a +0 long sword
 e - a +1 dagger of venom
 x - the +3 great sword of Wuwnoetia (weapon) {chaos, rN+ Int+4 Dex+2 SInv}
   (You took it off an orc on level 5 of the Dungeon)

   Each time it hits an enemy it has a different, random effect.
   It affects your intelligence (+4).
   It affects your dexterity (+2).
   It protects you from negative energy.
   It lets you see invisible.
 E - a +0 blowgun
Missiles
 m - 193 stones
 w - 5 javelins (quivered)
 I - 10 poisoned needles
Armour
 c - a +0 shield
 l - a +0 plate armour (worn)
Jewellery
 j - a ring of teleportation (left hand)
 J - an amulet of magic regeneration (around neck)
Wands
 y - a wand of polymorph (19/24)
 L - a wand of lightning (7/15)
 O - a wand of acid (9/15)
Scrolls
 b - 4 scrolls of enchant weapon {unknown}
 g - 2 scrolls of fear {unknown}
 h - a scroll of remove curse
 o - 3 scrolls of teleportation {unknown}
 p - 7 scrolls of enchant armour
 t - 4 scrolls of magic mapping
 u - a scroll of blinking
 z - a scroll of recharging
 D - 2 scrolls of amnesia
 K - a scroll of torment {unknown}
 M - a scroll of identify
 N - a scroll of vulnerability {unknown}
Potions
 d - 3 potions of might
 i - 4 potions of flight
 k - 4 potions of curing
 n - 3 potions of agility
 s - 3 potions of ambrosia
 A - 2 potions of brilliance
 B - 2 potions of invisibility {unknown}
 C - 2 potions of heal wounds
 G - a potion of resistance
 H - a potion of haste
Books
 q - a book of Changes

   Spells                             Type                      Level
   a - Beastly Appendage              Transmutation                1
   b - Sticks to Snakes               Transmutation                2
   c - Spider Form                    Transmutation/Poison         3
   d - Ice Form                       Ice/Transmutation            4
   e - Blade Hands                    Transmutation                5
Comestibles
 f - 5 bread rations
 r - 4 meat rations
 v - 10 fruits
 F - a royal jelly
 P - 4 chunks of flesh


   Skills:
 * Level 7.0 Fighting
 + Level 12.3 Long Blades
 - Level 2.6 Armour
 - Level 2.6 Shields


You had 9 spell levels left.
You didn't know any spells.

Dungeon Overview and Level Annotations

Branches:
Dungeon (8/15)             Temple (0/1) D:7
   Lair: D:8-11

Altars:
Ashenzari
Cheibriados
Dithmenos
Elyvilon
Kikubaaqudgha
Nemelex Xobeh
Okawaru
Qazlal
Trog
Xom
Zin
The Shining One

Annotations:
D:3 tognito's ghost, amateur MiBe


Innate Abilities, Weirdness & Mutations

You have a pair of small antennae on your head.
You are mostly covered in molten scales. (AC +3)
You sometimes gain a little power by taking damage.
When hurt, damage is shared between your health and your magic reserves.
You regenerate magic rapidly.


Message History

You slice the phantom!!
You destroy the phantom!
P - 2 chunks of flesh (gained 1);
P - 3 chunks of flesh (gained 1)
You see here a porcupine skeleton.
You see here a black bear corpse.
You butcher the black bear corpse.
P - 5 chunks of flesh (gained 2)
You see here a black bear skeleton.
You see here a porcupine skeleton.
You start resting.
Eating one of 5 chunks of flesh.
You eat one of the 5 chunks of flesh.
This raw flesh tastes terrible.
Your plate armour prevents you from hitting the two-headed ogre.
The two-headed ogre is severely wounded.
The two-headed ogre hits you with a giant spiked club!!
The two-headed ogre hits you with a giant club!
* * * LOW HITPOINT WARNING * * *
You hit the two-headed ogre but do no damage.
The two-headed ogre is severely wounded.
The two-headed ogre hits you with a giant spiked club!!
You die...

#..# .#
.......P.Z
#..######.####
.....P...
#.............
#.O..h..#
.........#######
#.#
##.####.........
#÷# ..^#
##.###### #÷#
#### #.##.## #.#
#...#)#######.#
####..)..@O...#
############


You could see a two-headed ogre.

Vanquished Creatures
  Joseph (D:7)
  Sigmund (D:5)
  Menkaure (D:5)
  Duvessa (D:5)
  A water moccasin (D:7)
  2 porcupines (D:8)
  3 phantoms
  3 ice beasts
  3 black bears
  2 orc warriors
  An ogre (D:6)
  3 centaurs
  2 big kobolds (Sewer)
  Blork the orc (D:5)
  4 bullfrogs
  Dowan (D:5)
  2 scorpions
  3 wights
  4 howler monkeys
  A centaur zombie (D:8)
  3 crimson imps
  A bullfrog zombie (D:7)
  A jelly (D:6)
  8 orc priests
  A centaur skeleton (D:5)
  5 hounds
  A bullfrog skeleton (D:6)
  2 iguanas
  7 orc wizards
  Natasha (thrice) (D:2)
  7 worker ants
  A hound zombie (D:6)
  2 hound skeletons
  A howler monkey zombie (D:7)
  A worker ant zombie (D:5)
  A howler monkey skeleton (D:4)
  3 gnolls (D:7)
  10 adders
  3 river rats (Sewer)
  3 shadow imps
  An ooze (D:3)
  An adder skeleton (D:6)
  An adder zombie (D:5)
  5 worms
  2 dart slugs
  11 leopard geckos
  26 orcs
  7 ball pythons (Sewer)
  9 giant cockroaches
  10 goblins
  9 hobgoblins
  5 jackals
  30 kobolds
  5 quokkas
  8 bats
  9 frilled lizards
  2 leopard gecko skeletons
  27 rats
272 creatures vanquished.

Vanquished Creatures (others)
  An orc (D:6)
  3 fungi (D:8)
  A plant (D:8)
5 creatures vanquished.

Grand Total: 277 creatures vanquished

Notes
Turn   | Place    | Note
-------+----------+-------------------------------------------
     0 | D:1      | torrenera the Demonspawn Fighter began the quest for the Orb.
     0 | D:1      | Reached XP level 1. HP: 18/18 MP: 1/1
    20 | D:1      | Reached skill level 2 in Long Blades
   249 | D:1      | Gained mutation: You have a pair of small antennae on your head. [demonic ancestry]
   249 | D:1      | Reached XP level 2. HP: 24/24 MP: 2/2
   946 | D:1      | Reached skill level 3 in Long Blades
  1246 | D:2      | Noticed Natasha
  1256 | D:1      | Gained mutation: When hurt, damage is shared between your health and your magic reserves. [demonic ancestry]
  1256 | D:1      | Reached XP level 3. HP: 22/29 MP: 3/3
  1630 | D:2      | Reached skill level 4 in Long Blades
  1630 | D:2      | Reached XP level 4. HP: 33/35 MP: 4/4
  1748 | D:2      | Killed Natasha
  1868 | D:2      | Found a glowing silver altar of Zin.
  1868 | D:2      | Noticed an angel
  2008 | D:2      | Noticed Natasha
  2016 | D:2      | Killed Natasha
  2216 | D:2      | Noticed Natasha
  2224 | D:2      | Killed Natasha
  2224 | D:2      | Gained mutation: You are partially covered in molten scales. (AC +2) [demonic ancestry]
  2224 | D:2      | Reached XP level 5. HP: 28/41 MP: 3/5
  2369 | D:3      | Reached skill level 5 in Long Blades
  2444 | D:3      | Noticed tognito's ghost (amateur MiBe)
  3603 | D:4      | Gained mutation: You are mostly covered in molten scales. (AC +3) [demonic ancestry]
  3603 | D:4      | Reached XP level 6. HP: 47/47 MP: 6/6
  3613 | D:3      | Reached skill level 6 in Long Blades
  4016 | D:4      | Found a white marble altar of Elyvilon.
  4111 | D:4      | Found a shadowy altar of Dithmenos.
  4459 | D:4      | Reached skill level 7 in Long Blades
  4459 | D:4      | Reached XP level 7. HP: 41/52 MP: 7/7
  4509 | D:5      | Entered Level 5 of the Dungeon
  4616 | D:5      | Found a snail-covered altar of Cheibriados.
  4641 | D:5      | Noticed Menkaure
  4653 | D:5      | Killed Menkaure
  4653 | D:5      | Reached skill level 8 in Long Blades
  5141 | D:5      | Noticed Sigmund
  5175 | D:5      | Killed Sigmund
  5175 | D:5      | Reached XP level 8. HP: 33/58 MP: 5/8
  5318 | D:5      | Noticed Dowan
  5319 | D:5      | Noticed Duvessa
  5371 | D:5      | Killed Duvessa
  5371 | D:5      | Reached skill level 9 in Long Blades
  5394 | D:5      | Killed Dowan
  5655 | D:5      | Found a stormy altar of Qazlal.
  5838 | D:5      | Got a shimmering great sword {chaos}
  5843 | D:5      | Identified the cursed +3 great sword of Wuwnoetia {chaos, rN+ Int+4 Dex+2 SInv} (You took it off an orc on level 5 of the Dungeon)
  6116 | D:5      | Reached skill level 10 in Long Blades
  6154 | D:5      | Noticed Blork the orc
  6210 | D:5      | Killed Blork the orc
  6671 | D:6      | Gained mutation: You regenerate magic rapidly. [demonic ancestry]
  6671 | D:6      | Reached XP level 9. HP: 12/65 MP: 3/9
  6879 | D:6      | Found a shattered altar of Ashenzari.
  6929 | D:6      | Found a sparkling altar of Nemelex Xobeh.
  6982 | D:6      | Found a glowing drain.
  7016 | Sewer    | Entered a sewer
  7589 | D:6      | Found an ancient bone altar of Kikubaaqudgha.
  7627 | D:6      | Found an iron altar of Okawaru.
  7635 | D:6      | Found a shimmering altar of Xom.
  7647 | D:6      | Reached skill level 5 in Fighting
  7647 | D:6      | Reached skill level 11 in Long Blades
  7676 | D:6      | Noticed a cyclops
  7887 | D:6      | Found a bloodstained altar of Trog.
  9015 | D:7      | Noticed Joseph
  9031 | D:7      | Killed Joseph
  9031 | D:7      | Reached skill level 12 in Long Blades
  9031 | D:7      | Gained mutation: You sometimes gain a little power by taking damage. [demonic ancestry]
  9031 | D:7      | Reached XP level 10. HP: 43/77 MP: 7/10
  9159 | D:7      | Found a staircase to the Ecumenical Temple.
  9183 | D:7      | Found a glowing golden altar of the Shining One.
  9789 | D:8      | Noticed a two-headed ogre
  9817 | D:8      | Mangled by a two-headed ogre

Skill      XL: |  1  2  3  4  5  6  7  8  9 10 |
---------------+-------------------------------+-----
Long Blades    | 2 3 4 5 7 8 10 12 | 12.3
Fighting       | 4 6 7 |  7.0
Armour         | |  2.6
Shields        | |  2.6

Action                   |  1- 3 |  4- 6 |  7- 9 | 10-12 || total
-------------------------+-------+-------+-------+-------++-------
Melee: Dagger            |   135 |   267 |   188 |       ||   590
       Long sword        |    12 |    14 |    65 |       ||    91
       Great sword       |       |       |   274 |    50 ||   324
Throw: Stone             |       |     1 |       |       ||     1
       Javelin           |       |     3 |    19 |       ||    22
  Use: Potion            |       |       |    17 |       ||    17
       Scroll            |       |       |    10 |       ||    10
 Stab: Confused          |       |       |     1 |     1 ||     2
       Petrifying        |       |       |     1 |       ||     1
  Eat: Chunk             |     2 |     9 |    14 |     3 ||    28
       Royal jelly       |       |       |     1 |       ||     1
Armor: Scale mail        |    63 |   110 |    67 |       ||   240
       Plate armour      |       |       |   255 |    27 ||   282
       Skin              |       |       |    24 |       ||    24
Dodge: Dodged            |    29 |    81 |   163 |    19 ||   292
Block: Shield            |    50 |   134 |    61 |       ||   245
       Rpst.: Long sword |     1 |     2 |     3 |       ||     6
       Great sword       |       |       |    37 |     6 ||    43
